 Dungeon Crawl Stone Soup version 0.30-a0-840-ga523dec638 (webtiles) character file.

Game seed: 9364128327375192001

72 avis the Trooper (level 3, 0/31 HPs)
             Began as a Demigod Warper on Mar 2, 2023.
             Killed from afar by Natasha (7 damage)
             ... with a magic dart
             ... on level 2 of the Dungeon.
             The game lasted 00:08:10 (1216 turns).

avis the Trooper (Demigod Warper)                   Turns: 1216, Time: 00:08:11

Health: 0/31       AC:  3    Str: 12    XL:     3   Next: 80%
Magic:  8/8        EV: 12    Int: 15    God:
Gold:   38         SH:  0    Dex: 17    Spells: 5/5 levels left

rFire   . . .      SeeInvis .    a - +3 dagger
rCold   . . .      Faith    .    (no shield)
rNeg    + . .      Spirit   .    k - +0 leather armour
rPois   .          Reflect  .    (no helmet)
rElec   .          Harm     .    (no cloak)
rCorr   .          Rampage  .    (no gloves)
Will    .....                    (no boots)
Stlth   ++                       (no amulet)
HPRegen 0.25/turn                l - ring of positive energy
MPRegen 0.11/turn                (no ring)

@: no status effects
A: high MP 1, forlorn, divine attributes
a: no special abilities


You were on level 2 of the Dungeon.
You visited 1 branch of the dungeon, and saw 2 of its levels.

You collected 38 gold pieces.

Inventory:

Hand Weapons
 a - a +3 dagger (weapon)
 b - a +0 sling
 g - a +0 falchion
Missiles
 d - 7 boomerangs of dispersal (quivered)
 h - 6 javelins
Armour
 k - a +0 leather armour (worn)
 n - an orb of mayhem
Jewellery
 l - a ring of positive energy (left hand)
Scrolls
 c - a scroll of blinking
 e - 2 scrolls of identify {unknown}
 f - 2 scrolls of teleportation {unknown}
 i - a scroll of enchant weapon {unknown}
 j - a scroll of silence {unknown}
 m - a scroll of amnesia {unknown}


   Skills:
 - Level 3.0 Fighting
 - Level 2.0 Long Blades
 * Level 1.7 Ranged Weapons
 - Level 0.8 Throwing
 - Level 0.8 Armour
 - Level 2.0 Dodging
 - Level 1.0 Stealth
 - Level 1.7 Spellcasting
 - Level 2.6 Translocations


You had 5 spell levels left.
You didn't know any spells.
Your spell library contained the following spells:

 Spells                   Type           Power      Damage    Failure   Level
 Blink                    Tloc           18%        N/A       14%         2
 Lesser Beckoning         Tloc           18%        N/A       14%         2
 Teleport Other           Tloc           9%         N/A       28%         3
 Vhi's Electric Charge    Tloc/Air       10%        N/A       45%         3
 Manifold Assault         Tloc           9%         N/A       67%         4


Dungeon Overview and Level Annotations

Branches:
Dungeon (2/15)

Annotations:
D:2 Natasha


Innate Abilities, Weirdness & Mutations

You have an increased reservoir of magic. (+10% MP)
You shall have no god before yourself.
Your divine heritage dramatically boosts your attributes as you level up.


Message History

The ball python constricts you.
You hit the ball python.
The ball python is severely wounded.
The ball python closely misses you. The ball python constricts you.
* * * LOW HITPOINT WARNING * * *
You hit the ball python.
You kill the ball python!
b - a +0 sling (weapon)
You see here a ball python corpse.
You start resting.
Natasha, Servant of Life and Death comes into view.
Fire: b) +0 sling
Press: ? - help, Q - select action, (/) - cycle Shift-Dir - straight line, f - Natasha
Aim: Natasha (wandering, hasn't noticed you, 50% to hit)
You shoot a sling bullet.
The sling bullet closely misses Natasha.
Fire: b) +0 sling
Press: ? - help, Q - select action, (/) - cycle Shift-Dir - straight line, f/p - Natasha
Aim: Natasha (50% to hit)
You shoot a sling bullet.
The sling bullet closely misses Natasha.
Natasha closely misses you.
a - a +3 dagger (weapon)
You hit Natasha.
Natasha is moderately wounded.
Natasha closely misses you.
You hit Natasha but do no damage.
Natasha is moderately wounded.
Natasha misses you.
You closely miss Natasha.
Natasha is moderately wounded.
Natasha drinks a potion.
Natasha flickers and vanishes!
Deactivating autopickup; reactivate with Ctrl-A.
You barely miss something. Something claws you!
* * * LOW HITPOINT WARNING * * *
You closely miss something.
You hear some strange, mumbled words.
A magic dart appears from out of thin air!
The magic dart hits you!
You die...

..
..#.#...).....#
##
###.#.........#
#.........#
#####.........#
.
#.............#
..
#.#####.#######
... #.# #.#
....## #.# #.#
....##@# #.#
#..#{# .# #...#
##..# $.....
#.# ######.#
#.# ... #.# ##.
#.# #.#####.#


There were no monsters in sight!

Vanquished Creatures
  Natasha (D:2)
  2 adders (D:2)
  2 dart slugs (D:1)
  4 goblins
  2 hobgoblins (D:1)
  3 jackals
  2 kobolds (D:1)
  2 quokkas
  2 ball pythons
  2 bats (D:2)
  A frilled lizard (D:1)
  2 rats (D:1)
25 creatures vanquished.

Notes
Turn   | Place    | Note
-------+----------+-------------------------------------------
     0 | D:1      | avis the Demigod Warper began the quest for the Orb.
     0 | D:1      | Reached XP level 1. HP: 17/17 MP: 5/5
    62 | D:1      | Reached skill level 2 in Fighting
   256 | D:1      | Reached skill level 1 in Stealth
   256 | D:1      | Reached XP level 2. HP: 24/24 MP: 7/7
   977 | D:2      | HP: 1/25 [jackal (2)]
  1084 | D:2      | Reached XP level 3. HP: 27/30 MP: 8/8
  1091 | D:2      | Noticed Natasha
  1102 | D:2      | Killed Natasha
  1103 | D:2      | Reached skill level 3 in Fighting
  1103 | D:2      | Reached skill level 1 in Ranged Weapons
  1208 | D:2      | Noticed Natasha
  1216 | D:2      | Killed from afar by Natasha

Illustrated notes

Levels and vault maps discovered:
D:1:      elethiomel_arrival_shortcut, layout_basic, reono_crystal_passage
D:2:      layout_basic, serial_curves, eino_curves_04, eino_curves_04,
          uniq_natasha

Skill      XL: |  1  2  3 |
---------------+----------+-----
Fighting       | 2 3 |  3.0
Long Blades    | 2 |  2.0
Dodging        | 2 |  2.0
Stealth        | 1 |  1.0
Ranged Weapons | 1 |  1.7
Throwing       | |  0.8
Armour         | |  0.8
Spellcasting   | |  1.7
Translocations | |  2.6

Action                     || total
---------------------------++-------
  Melee: Dagger            ||    62
         Falchion          ||     5
         Punch             ||     1
   Fire: Sling             ||    36
    Use: Potion            ||     1
   Stab: Sleeping          ||     2
 Armour: Leather armour    ||    18
  Dodge: Dodged            ||    74

Table legend: (Time is in decaauts)
 A = Elapsed time spent in this place.
 B = Non-inter-level travel time spent in this place.
 C = Inter-level travel time spent in this place.
 D = Time resting spent in this place.
 E = Time spent auto-exploring this place.
 F = Levels seen in this place.
 G = Mean time per level.
                   A        B        C        D        E       F      G
               +--------+--------+--------+--------+--------+-----+--------+
         Total |   1224 |   1102 |    122 |     77 |    723 |   2 |  612.0 |
       Dungeon |   1224 |   1102 |    122 |     77 |    723 |   2 |  612.0 |
               +--------+--------+--------+--------+--------+-----+--------+

Top non-repeatable levels by time:
     D:1: 1016 daAuts
     D:2: 207 daAuts
